 Dungeon Crawl Stone Soup version 0.31-a0-795-g5eb97db20b (webtiles) character file.

Game seed: 13955556450578643775

14449 Shayle the Fighter (level 12, -13/130 HPs)
             Began as an Ogre Hexslinger on Sept 18, 2023.
             Was an Initiate of Ashenzari.
             Mangled by Harold
             ... wielding a +1 heavy trident
              (15 damage)
             ... on level 11 of the Dungeon.
             The game lasted 00:55:08 (16053 turns).

Shayle the Fighter (Ogre Hexslinger)               Turns: 16053, Time: 00:55:10

Health: -13/130    AC:  8    Str: 12 (15) XL:     12   Next: 16%
Magic:  18/24      EV:  9    Int: 17 (18) God:    Ashenzari [......]
Gold:   332        SH:  0    Dex: 10 (11) Spells: 7/27 levels left

rFire   + + .        h - +3 Elemental Staff {ele, rElec rF+ rC+ AC+3}
rCold   + . .        (no shield)
rNeg    . . .        w - +0 acid dragon scales
rPois   .            (helmet restricted)
rElec   +            M - +0 cloak
rCorr   +            (gloves unavailable)
SInv    .            (boots unavailable)
Will    +....        (no amulet)
Stlth   +            r - ring "Behold Eternity" {rF+, Bglg, Dev} (curse)
HPRegen 0.41/turn    (no ring)
MPRegen 0.19/turn

%: no passive effects
@: marked, corroded, very slightly contaminated, hasted, studying Hexes, very
quick
A: large, unfitting armour, tough skin 1
a: Renounce Religion, Curse Item, Shatter the Chains


You were on level 11 of the Dungeon.
You worshipped Ashenzari.
Ashenzari was noncommittal.
You visited 4 branches of the dungeon, and saw 16 of its levels.

You collected 670 gold pieces.
You spent 338 gold pieces at shops.

Inventory:

Hand Weapons
 a - a +1 sling
 h - the +3 Elemental Staff (weapon) {ele, rElec rF+ rC+ AC+3}
   (You acquired it on level 10 of the Dungeon)

   AC+3:      It affects your AC (+3).
   rF+:       It protects you from fire.
   rC+:       It protects you from cold.
   rElec:     It insulates you from electricity.
 p - a +2 dagger of venom
 t - a +4 vampiric trident
 D - a +2 scimitar of freezing
 H - a +4 short sword of venom
Missiles
 B - 6 silver javelins
 G - a curare-tipped dart
Armour
 s - a +1 robe of cold resistance
 w - +0 acid dragon scales (worn)
 F - a scarf of resistance
 L - +2 pearl dragon scales
 M - a +0 cloak (worn)
Jewellery
 o - a ring of ice
 r - the cursed ring "Behold Eternity" (left hand) {rF+, Bglg, Dev}
   (You bought it in a shop on level 10 of the Dungeon)

   [ring of protection from fire]

   rF+:       It protects you from fire.
   It has a curse which improves the following skills: Beguiling: Conjurations,
   Hexes and Translocations.
   Devices:   Evocations and Shapeshifting.
 v - an amulet of faith
Wands
 l - a wand of flame (9)
 A - a wand of roots (16)
Scrolls
 b - a scroll of poison
 j - 3 scrolls of revelation
 k - a scroll of torment
 x - 2 scrolls of immolation
Potions
 d - 2 potions of brilliance {unknown}
 e - a potion of haste
 f - a potion of mutation
 g - 4 potions of resistance
 m - a potion of might
 u - 3 potions of curing
 I - a potion of degeneration
 J - 3 potions of ambrosia
 K - a potion of magic {unknown}


   Skills:
 - Level 11.1 Fighting
 + Level 3.2 Staves
 - Level 1.3 Ranged Weapons
 + Level 5.0 Armour
 - Level 1.7 Dodging
 - Level 8.0 Spellcasting
 - Level 4.1(4.4) Conjurations
 - Level 9.4(9.8) Hexes
 - Level 4.0 Necromancy
 - Level 2.2(2.5) Translocations
 - Level 7.0 Fire Magic
 + Level 6.1 Poison Magic


You had 7 spell levels left.
You knew the following spells:

 Your Spells              Type           Power      Damage    Failure   Level
a - Foxfire               Conj/Fire      100%       2x1d9     1%          1
b - Olgreb's Toxic Radia  Pois           27%        N/A       12%         4
c - Anguish               Hex/Necr       15%        N/A       9%          4
d - Animate Dead          Necr           20%        N/A       28%         4
e - Iskenderun's Mystic   Conj/Tloc      18%        2d6       34%         4
f - Ignite Poison         Fire/Tmut/Pois 32%        N/A       8%          3

Your spell library contained the following spells:

 Spells                   Type           Power      Damage    Failure   Level
 Jinxbite                 Hex            80%        N/A       1%          2
 Inner Flame              Hex/Fire       52%        N/A       1%          3
 Sigil of Binding         Hex            40%        N/A       1%          3
 Tukima's Dance           Hex            40%        N/A       1%          3
 Cause Fear               Hex            20%        N/A       2%          4
 Necrotise                Necr           80%        1d8       3%          1
 Ensorcelled Hibernation  Hex/Ice        70%        N/A       3%          2
 Sting                    Tmut/Pois      68%        1d6       4%          1
 Apportation              Tloc           30%        N/A       5%          1
 Poisonous Vapours        Pois/Air       50%        N/A       6%          2
 Volatile Blastmotes      Fire/Tloc      68%        2d15      6%          3
 Fulminant Prism          Conj/Hex       15%        3d10      8%          4
 Vampiric Draining        Necr           20%        2d7       9%          3
 Dimensional Bullseye     Hex/Tloc       13%        N/A       12%         4
 Sticky Flame             Conj/Fire      39%        2d6       14%         4
 Sandblast                Erth           20%        2d7       16%         1
 Summon Small Mammal      Summ           24%        N/A       16%         1
 Stone Arrow              Conj/Erth      42%        3d9       19%         3
 Passwall                 Tmut/Erth      8%         N/A       22%         2
 Passage of Golubria      Tloc           15%        N/A       47%         4
 Yara's Violent Unravell  Hex/Tmut       11%        3d6       50%         5
 Brom's Barrelling Bould  Conj/Erth      21%        2d4       52%         4
 Agony                    Necr           20%        N/A       63%         5
 Starburst                Conj/Fire      19%        6d7       91%         6
 Plasma Beam              Fire/Air       21%        2x1d33    99%         6
 Haunt                    Necr/Summ      6%         N/A       100%        7
 Ignition                 Fire           23%        3d8       100%        8
 Infestation              Necr           10%        N/A       100%        8


Dungeon Overview and Level Annotations

Branches:
Dungeon (12/15)            Temple (1/1) D:6            Lair (2/5) D:9
    Orc (1/2) D:10
  Swamp: Lair:2-3    Shoals: Lair:2-3     Snake: Lair:2-3    Spider: Lair:2-3

Altars:
Ashenzari
Cheibriados
Dithmenos
Elyvilon
Fedhas
Gozag
Hepliaklqana
Kikubaaqudgha
Makhleb
Nemelex Xobeh
Okawaru
Qazlal
Ru
Sif Muna
Trog
Uskayaw
Vehumet
Wu Jian
Xom
Yredelemnul
Zin
The Shining One

Shops:
D:1 *   D:10 *[

Annotations:
D:8 1 runed translucent door
D:11 Harold
Temple 2 transporters


Innate Abilities, Weirdness & Mutations

You are too large for most types of armour.
You have tough skin. (AC +1)


Message History

The roots release their grip on Harold.
The roots release their grip on the acid dragon.
Aiming: Fastroot
Press: ? - help, Shift-Dir - straight line, f/p - acid dragon
Aim: an acid dragon (heavily wounded)
The roots erupt in riotous growth!
Roots grab Harold.
Roots grab the acid dragon.
The grasping roots constrict Harold.
The grasping roots constrict the acid dragon.
Harold hits you from afar with a +1 heavy trident!
* * * LOW HITPOINT WARNING * * *
The roots lose their grip on something.
The grasping roots constrict Harold.
The roots release their grip on Harold.
It was a potion of degeneration.
There was something very wrong with that liquid.
You feel weakened.
You feel dopey.
You feel clumsy.
Casting: Iskenderun's Mystic Blast (dangerous; 34% risk of failure)
Confirm with . or Enter, or press ? or * to list all spells.
You miscast Iskenderun's Mystic Blast.
You are very lightly contaminated with residual magic.
The air around you crackles with energy!
* * * LOW HITPOINT WARNING * * *
Harold barely misses you.
Okay, then.
It was a potion of haste.
You feel yourself speed up.
Okay, then.
Aiming: Fastroot
Press: ? - help, Shift-Dir - straight line, f/p - acid dragon
Aim: an acid dragon (severely wounded)
The roots erupt in riotous growth!
Roots grab Harold.
Roots grab the acid dragon.
The grasping roots constrict Harold.
The grasping roots constrict the acid dragon.
The acid dragon spits acid at you. The splash of acid hits you! You resist.
* * * LOW HITPOINT WARNING * * *
The acid corrodes you!
Harold hits you with a +1 heavy trident!
You die...
Harold sighs, "Nothing for old Harold but writing after this."

#...#...#.....).#...#.##.
#...###.D.###)..###...#.
#..W.@#())#.....#.... #
#..D###.[.###...#....
##.#..#...#.#...#..#....
#...###@..#.#...###.....
#.....#...#.#...#.......
#....D@###...###....#...
###....@..#.#.......#...
##......#.#.......#...
###.#..#.#.......#...
#/..#.. #D.....####
###.#####....[.#
#......†§....#
#######<.....# ########


You could see Harold (rooted) and an acid dragon (catching breath, rooted).

Vanquished Creatures
  Fannar (D:10)
  A boulder beetle (D:11)
  2 two-headed ogres
  Nergalle (D:9)
  A manticore (D:11)
  2 komodo dragons (Lair:1)
  2 trolls (D:11)
  Grinder (D:6)
  4 blink frogs (Lair:1)
  A wraith (D:10)
  13 yaks
  A steam dragon (D:9)
  3 vampire mosquitoes (D:10)
  3 basilisks (Lair:1)
  3 acid dragons (D:11)
  2 water moccasins (Lair:2)
  An orc warrior (D:10)
  A black bear (Lair:1)
  2 ogres
  3 wolves (Lair:1)
  6 centaurs
  A kobold brigand (D:9)
  3 bullfrogs
  A gnoll sergeant (D:8)
  A scorpion (D:4)
  6 wights
  10 killer bees (Lair:2)
  A howler monkey (D:10)
  A jelly (D:4)
  3 orc priests (D:4)
  7 hounds
  A sleepcap (D:7)
  6 iguanas
  7 orc wizards
  5 adders
  7 gnolls (D:8)
  A white imp (D:5)
  2 worms
  2 dart slugs
  21 orcs
  8 endoplasms
  2 giant cockroaches (D:1)
  3 goblins
  7 hobgoblins
  3 quokkas
  4 ball pythons
  A bat (D:1)
  6 frilled lizards
  12 kobolds
  7 rats
  A foxfire (D:8)
194 creatures vanquished.

Vanquished Creatures (collateral kills)
  A queen bee (Lair:2)
  3 blink frogs (Lair:2)
  A wyvern (Lair:1)
  2 yaks (Lair:1)
  A water moccasin (Lair:2)
  A wolf (Lair:1)
  3 killer bees (Lair:2)
12 creatures vanquished.

Vanquished Creatures (others)
  A cane toad (Lair:1)
  3 yaks
  A wolf (Lair:1)
  A bullfrog (D:9)
  A queen bee zombie (Lair:2)
  6 killer bees (Lair:2)
  5 killer bee zombies (Lair:2)
  452 foxfires
470 creatures vanquished.

Grand Total: 676 creatures vanquished

Notes
Turn   | Place    | Note
-------+----------+-------------------------------------------
     0 | D:1      | Shayle the Ogre Hexslinger began the quest for the Orb.
     0 | D:1      | Reached XP level 1. HP: 19/19 MP: 2/2
   178 | D:1      | Reached skill level 1 in Fire Magic
   317 | D:1      | Reached XP level 2. HP: 25/28 MP: 4/4
   321 | D:1      | Reached skill level 2 in Fighting
   364 | D:1      | Found Yfiwnat's General Store.
   735 | D:1      | Reached XP level 3. HP: 36/36 MP: 6/6
  1330 | D:2      | Learned a level 1 spell: Foxfire
  1417 | D:3      | Reached skill level 3 in Fighting
  1485 | D:3      | Reached XP level 4. HP: 35/45 MP: 2/7
  1908 | D:4      | Reached XP level 5. HP: 54/54 MP: 1/9
  2201 | D:4      | Reached skill level 4 in Fighting
  2279 | D:5      | Entered Level 5 of the Dungeon
  2309 | D:5      | Reached XP level 6. HP: 61/63 MP: 5/11
  3369 | D:5      | Reached skill level 5 in Fighting
  3800 | D:4      | Reached XP level 7. HP: 66/72 MP: 8/13
  4612 | D:6      | Reached skill level 6 in Fighting
  4667 | D:6      | Reached skill level 5 in Spellcasting
  4703 | D:6      | Noticed Grinder
  4718 | D:6      | Killed Grinder
  4719 | D:6      | Reached XP level 8. HP: 84/84 MP: 4/16
  4920 | D:6      | Found a staircase to the Ecumenical Temple.
  4928 | Temple   | Found a transporter.
  4928 | Temple   | Found a transporter.
  4928 | Temple   | Found a transporter.
  4928 | Temple   | Found a transporter.
  4928 | Temple   | Entered the Ecumenical Temple
  4954 | Temple   | Became a worshipper of Ashenzari the Shackled
  5368 | D:7      | Found a blossoming altar of Fedhas.
  5405 | D:7      | Reached skill level 7 in Fighting
  6438 | D:7      | Reached skill level 5 in Fire Magic
  6710 | D:8      | Noticed a yak
  6740 | D:8      | Learned a level 4 spell: Olgreb's Toxic Radiance
  6852 | D:8      | Noticed a sixfirhy
  6852 | D:8      | Noticed a two-headed ogre
  6868 | D:8      | Found a runed translucent door.
  6873 | D:8      | Killed a two-headed ogre
  6874 | D:8      | Reached skill level 8 in Fighting
  6874 | D:8      | Reached skill level 5 in Hexes
  6874 | D:8      | Reached skill level 1 in Poison Magic
  6874 | D:8      | Reached XP level 9. HP: 10/97 MP: 16/19
  7655 | D:8      | Found a glowing golden altar of the Shining One.
  7793 | D:8      | Reached skill level 9 in Fighting
  8347 | D:9      | Found a staircase to the Lair.
  8365 | Lair:1   | Entered Level 1 of the Lair of Beasts
  8365 | Lair:1   | Noticed Nergalle
  9255 | D:10     | Entered Level 10 of the Dungeon
  9305 | D:10     | Noticed a two-headed ogre
  9349 | D:10     | Found Padoenko's Fire Supplies.
  9361 | D:10     | Bought a ring of protection from fire for 275 gold pieces
  9418 | D:9      | Killed a two-headed ogre
  9419 | D:9      | Reached XP level 10. HP: 48/107 MP: 12/22
  9956 | D:9      | Learned a level 4 spell: Anguish
  9981 | D:9      | Killed Nergalle
  9982 | D:9      | Reached skill level 1 in Conjurations
  9982 | D:9      | Reached skill level 1 in Necromancy
 10197 | Lair:1   | Upgraded the game from 0.31-a0-774-g0d66cbabe8 to
                  | 0.31-a0-795-g5eb97db20b
 10209 | Lair:1   | Reached skill level 1 in Armour
 10291 | Lair:1   | You fall into a shaft and drop 1 floor!
 10455 | Lair:2   | Reached skill level 10 in Fighting
 11479 | Lair:1   | Reached XP level 11. HP: 113/119 MP: 13/23
 11578 | Lair:1   | Reached skill level 5 in Poison Magic
 11856 | Lair:1   | Learned a level 4 spell: Animate Dead
 11861 | Lair:1   | Learned a level 4 spell: Iskenderun's Mystic Blast
 12403 | Lair:1   | Reached skill level 11 in Fighting
 12403 | Lair:1   | Reached skill level 1 in Translocations
 13804 | D:10     | Found a stormy altar of Qazlal.
 13917 | D:10     | Found Keoxer's Armour Boutique.
 13917 | D:10     | Found a staircase to the Orcish Mines.
 14060 | D:10     | Bought a +0 cloak for 63 gold pieces
 14069 | D:10     | Identified a scroll of acquirement
 14069 | D:10     | Acquired the +3 Elemental Staff {ele, rElec rF+ rC+ AC+3}
 14069 | D:10     | Found the +3 Elemental Staff {ele, rElec rF+ rC+ AC+3}
 14098 | Orc:1    | Entered Level 1 of the Orcish Mines
 14099 | Orc:1    | Noticed an orc sorcerer
 14290 | D:10     | Learned a level 3 spell: Ignite Poison
 14734 | D:11     | Noticed a boulder beetle
 14751 | D:11     | Killed a boulder beetle
 14752 | D:11     | Reached skill level 1 in Staves
 14752 | D:11     | Noticed Fannar
 14789 | D:10     | Killed Fannar
 14984 | D:10     | Reached XP level 12. HP: 50/130 MP: 24/24
 15994 | D:11     | Reached skill level 5 in Armour
 16012 | D:11     | Noticed Harold
 16053 | D:11     | HP: 2/130 [acid dragon/splash of acid (15)]
 16053 | D:11     | Mangled by Harold

Illustrated notes

Levels and vault maps discovered:
D:1:      onia_arrival_pyramid, layout_basic, serial_shops,
          nicolae_shop_hallway_plus, minmay_close_crescents
D:2:      layout_basic
D:3:      layout_rooms, dk_noncrumbling_3
D:4:      layout_cave_pods
D:5:      layout_layer_cave
D:6:      layout_basic, temple_fountains, uniq_grinder
D:7:      layout_loops_ring, fedhas_altar_1
D:8:      cheibrodos_shockbox, layout_rooms, lemuel_tele_altar
D:9:      minmay_weird_star, layout_basic, chequers_serial_rivers_large_b
D:10:     layout_rooms, nicolae_qazlal_style_of_elements, orc_david_3,
          nicolae_shop_fire_sale [nicolae_sub_dead_trees]
D:11:     layout_rooms, serial_aquarium, aquarium_bridge_square
          [aquarium_subvault_window, aquarium_subvault_bridge,
          aquarium_subvault_wall, aquarium_subvault_bridge], aquarium_window_1,
          aquarium_window_2, aquarium_window_1, aquarium_view_2f,
          aquarium_view_2g, aquarium_balcony_5b, nicolae_titane, uniq_harold,
          uniq_fannar
D:12:     layout_irregular_city, grunt_decor_junction, nrook_uturn, uniq_psyche
Temple:   hellmonk_temple_divided_pantheon
Lair:1:   layout_regular_city, grunt_forest_small_clearings, grunt_megastairs_3,
          uniq_nergalle
Lair:2:   layout_roguey [special_room_bee], grunt_megastairs_2
Orc:1:    layout_caves, basic_altar, mines4_lemuel

Skill      XL: |  1  2  3  4  5  6  7  8  9 10 11 12 |
---------------+-------------------------------------+-----
Fire Magic     | 1 2 3 4 5 6 7 |  7.0
Fighting       | 2 3 4 5 6 8 9 10 11 | 11.1
Spellcasting   | 2 3 4 5 6 8 |  8.0
Hexes          | 5 7 8 9 |  9.4
Poison Magic   | 1 3 4 5 6 |  6.1
Conjurations   | 2 4 |  4.1
Necromancy     | 2 4 |  4.0
Armour         | 2 4 5 |  5.0
Translocations | 2 |  2.2
Staves         | 2 3 |  3.2
Ranged Weapons | |  1.3
Dodging        | |  1.7

Action                     |  1- 3 |  4- 6 |  7- 9 | 10-12 || total
---------------------------+-------+-------+-------+-------++-------
  Melee: Dagger            |       |    42 |   146 |   270 ||   458
         Punch             |       |     1 |       |     6 ||     7
         Staff             |       |       |       |   113 ||   113
         Short sword       |       |       |       |    49 ||    49
   Fire: Sling             |    87 |    10 |       |       ||    97
   Cast: Foxfire           |     8 |    76 |   130 |    42 ||   256
         Anguish           |       |       |       |    28 ||    28
         Olgreb's Toxic Ra |       |       |       |    29 ||    29
         Animate Dead      |       |       |       |     2 ||     2
         Iskenderun's Myst |       |       |       |     1 ||     1
 Invoke: Curse Item        |       |       |     1 |       ||     1
  Evoke: Wand              |       |       |    30 |    26 ||    56
    Use: Scroll            |       |     6 |     5 |    14 ||    25
         Potion            |       |       |     2 |     8 ||    10
   Stab: Paralysed         |       |       |    13 |    23 ||    36
 Armour: Robe              |    26 |    57 |   159 |   153 ||   395
         Pearl dragon scal |       |       |       |   317 ||   317
         Acid dragon scale |       |       |       |    81 ||    81
  Dodge: Dodged            |    24 |    43 |    77 |   214 ||   358

Table legend: (Time is in decaauts)
 A = Elapsed time spent in this place.
 B = Non-inter-level travel time spent in this place.
 C = Inter-level travel time spent in this place.
 D = Time resting spent in this place.
 E = Time spent auto-exploring this place.
 F = Levels seen in this place.
 G = Mean time per level.
                   A        B        C        D        E       F      G
               +--------+--------+--------+--------+--------+-----+--------+
         Total |  16169 |  15771 |    398 |   4729 |   8118 |  16 | 1010.6 |
       Dungeon |  12970 |  12619 |    351 |   2966 |   7389 |  12 | 1080.8 |
        Temple |     38 |     31 |      7 |      0 |      0 |   1 |   38.0 |
          Lair |   3155 |   3116 |     39 |   1763 |    729 |   2 | 1577.5 |
  Orcish Mines |      4 |      4 |      0 |      0 |      0 |   1 |    4.0 |
               +--------+--------+--------+--------+--------+-----+--------+

Top non-repeatable levels by time:
  Lair:1: 2305 daAuts
     D:9: 1953 daAuts
    D:10: 1793 daAuts
     D:8: 1614 daAuts
     D:5: 1405 daAuts
     D:7: 1283 daAuts
     D:4: 1257 daAuts
    D:11: 998 daAuts
     D:1: 955 daAuts
  Lair:2: 850 daAuts
     D:6: 739 daAuts
     D:3: 486 daAuts
     D:2: 482 daAuts
  Temple: 38 daAuts
   Orc:1: 4 daAuts
